 Dungeon Crawl Stone Soup version 0.22-a0-897-g1b7a381375 (webtiles) character file.

53 IcyTea the Magician (level 3, -6/19 HPs)
             Began as a Deep Elf Wizard on July 31, 2018.
             Mangled by an iron imp (10 damage)
             ... summoned by Natasha
             ... on level 2 of the Dungeon.
             The game lasted 00:06:25 (1541 turns).

IcyTea the Magician (Deep Elf Wizard)               Turns: 1541, Time: 00:06:26

Health: -6/19      AC:  2    Str:  5    XL:     3   Next: 64%
Magic:  6/12       EV: 13    Int: 22    God:
Gold:   55         SH:  0    Dex: 13    Spells: 3/14 levels left

rFire    . . .     SeeInvis .   g - +0 flail
rCold    . . .     Gourm    .   (no shield)
rNeg     . . .     Faith    .   a - +0 robe
rPois    .         Spirit   .   b - +0 hat
rElec    .         Reflect  .   (no cloak)
rCorr    .         Harm     .   (no gloves)
MR       .....                  (no boots)
Stlth    ++........             (no amulet)
HPRegen  0.06/turn              (no ring)
MPRegen  0.13/turn              (no ring)

@: no status effects
A: no striking features
a: no special abilities


You were on level 2 of the Dungeon.
You were hungry.

You visited 1 branch of the dungeon, and saw 2 of its levels.

You collected 55 gold pieces.

Inventory:

Hand Weapons
 g - a +0 flail (weapon)
Armour
 a - a +0 robe (worn)
 b - a +0 hat (worn)
 h - +0 fire dragon scales
Scrolls
 e - 3 scrolls of identify
 f - 2 scrolls of teleportation
 j - a scroll of amnesia {unknown}
 k - a scroll of fog {unknown}
Potions
 c - a potion of magic {unknown}
 i - a potion of curing
 l - a potion of resistance {unknown}
Comestibles
 d - 3 rations


   Skills:
 - Level 2.4 Dodging
 - Level 2.4 Stealth
 - Level 6.0 Spellcasting
 + Level 2.2 Conjurations
   Level 1.1 Summonings
 - Level 1.1 Translocations


You had 3 spell levels left.
You knew the following spells:

 Your Spells              Type           Power        Failure   Level  Hunger
a - Magic Dart            Conj           ###.         3%          1    None
b - Blink                 Tloc           N/A          9%          2    None
c - Slow                  Hex            #.......     14%         2    None
d - Conjure Flame         Conj/Fire      ##......     17%         3    #......
e - Mephitic Cloud        Conj/Pois/Air  #.......     21%         3    #......

Your spell library contained the following spells:

 Spells                   Type           Power        Failure   Level  Hunger
 Call Imp                 Summ           ##......     9%          2    None


Dungeon Overview and Level Annotations

Branches:
Dungeon (2/15)

Altars:
Cheibriados
Wu Jian

Annotations:
D:2 Natasha


Message History

Press: ? - help, Shift-Dir - straight line, f/p - Natasha
Aim: Natasha, carrying a wand of flame (29) (lightly wounded)
The magic dart hits Natasha.
Natasha is heavily wounded.
Natasha zaps a wand.
The puff of flame misses you. The iron imp closely misses you.
Casting: Magic Dart (safe; 3% risk of failure)
Confirm with . or Enter, or press ? or * to list all spells.
Aiming: Magic Dart (safe; 3% risk of failure)
Press: ? - help, Shift-Dir - straight line, f/p - Natasha
Aim: Natasha, carrying a wand of flame (28) (heavily wounded)
The magic dart hits Natasha.
Natasha is severely wounded.
Natasha stares at you and mumbles some strange words.
The magic dart hits you!
Ouch! That really hurt!
* * * LOW HITPOINT WARNING * * *
The iron imp hits you!
Ouch! That really hurt!
You die...

#.#...#.# #.# ##...##
#.#...#.# #.# ###.## ##
#.#...#.# #.# #.#.# #.
####.......#
#>###...######.
#.......####
#.....#........ .#.####..#
##########.#.#######
#........# #.......##...#
.....#..#####.#####.######
#..#.#..###.†55@.##.#
..(......>..#.##h##.#
..#####..####.##5##.# #..#
#5......# ....# ####.####
####.# #.# ... #.# ... #.#
... #5#


You could see an iron imp, Natasha, a crimson imp and a white imp.

Vanquished Creatures
  A gnoll (D:1)
  An adder (D:2)
  A dart slug (D:1)
  2 giant cockroaches (D:1)
  5 goblins (D:1)
  6 hobgoblins
  5 kobolds
  A quokka (D:2)
  A ball python (D:1)
  4 bats
  4 frilled lizards (D:1)
31 creatures vanquished.

Notes
Turn   | Place    | Note
-------+----------+-------------------------------------------
     0 | D:1      | IcyTea the Deep Elf Wizard began the quest for the Orb.
     0 | D:1      | Reached XP level 1. HP: 10/10 MP: 7/7
   121 | D:1      | Reached skill level 5 in Spellcasting
   446 | D:1      | Reached XP level 2. HP: 15/15 MP: 5/10
   816 | D:1      | Learned a level 2 spell: Blink
   819 | D:1      | Learned a level 2 spell: Slow
  1024 | D:1      | Reached XP level 3. HP: 19/19 MP: 7/12
  1029 | D:1      | Learned a level 3 spell: Conjure Flame
  1033 | D:1      | Learned a level 3 spell: Mephitic Cloud
  1059 | D:1      | Reached skill level 6 in Spellcasting
  1328 | D:2      | Found a snail-covered altar of Cheibriados.
  1449 | D:2      | Found an ornate altar of the Wu Jian Council.
  1522 | D:2      | Noticed Natasha
  1541 | D:2      | Mangled by an iron imp

Vault maps used:
D:1:      dpeg_arrival_castle
D:2:      elyvilon_altar_4, lemuel_round_altar, old_standard_altar,
          nicolae_ru_the_path_less_chosen, first_ration, uniq_natasha

Skill      XL: |  1  2  3 |
---------------+----------+-----
Spellcasting   | 5 6 |  6.0
Conjurations   | 2 |  2.2
Dodging        | |  2.4
Stealth        | |  2.4
Summonings     | |  1.1
Translocations | |  1.1

Action                   || total
-------------------------++-------
Melee: Short sword       ||     5
       Flail             ||     6
 Cast: Magic Dart        ||    72
  Use: Scroll            ||     3
 Stab: Sleeping          ||     2
  Eat: Chunk             ||     1
Armor: Robe              ||     4
Dodge: Dodged            ||    27

Table legend:
 A = Spawn XP
 B = Non-spawn XP
 C = Spawn XP percentage of total XP
 D = Spawn monster count
 E = Non-spawn monster count
 F = Spawn count percentage of total count
 G = Total turns spent on level
                    A         B        C        D         E        F      G
               +---------+---------+-------+---------+---------+-------+---------
         Total |       0 |      77 |   0.0 |       0 |      31 |   0.0 |  1541
               +---------+---------+-------+---------+---------+-------+---------
           D:1 |       0 |      55 |   0.0 |       0 |      25 |   0.0 |  1287
           D:2 |       0 |      22 |   0.0 |       0 |       6 |   0.0 |   254
               +---------+---------+-------+---------+---------+-------+---------
